Map: Dusk Towers

Players

LilDicky

  • Race: Terran Terran
  • League: Diamond

Viciuos - Winner!

  • Race: Terran Terran
  • League: Diamond

VOD

http://www.twitch.tv/tumescentpie

Description

Time

  • Played on: Dec. 5, 2015, 6:24 p.m.
  • Length: 9:32
Show
View Real Time Build Order
Export as new Build Order

LilDicky Terran 

Build Orders: Mech, Banshee Rush 

Get SALT Encoding   

  12  0:01  SCV  
  13  0:14  SCV  
  14  0:18  Supply Depot  
  14  0:26  SCV  
  15  0:37  Refinery  
  15  0:39  SCV  
  16  0:44  Barracks  
  16  0:51  SCV  
  17  1:03  SCV  
  18  1:15  SCV  
  19  1:28  SCV  
  20  1:33  Supply Depot, Marine  
  21  1:41  Orbital Command  
  21  1:51  Marine  
  22  1:58  Command Center  
  22  2:11  SCV  
  23  2:20  Factory  
  23  2:22  Refinery, Marine  
  24  2:23  SCV  
  25  2:35  SCV  
  26  2:39  Marine  
  27  2:47  SCV  
  28  2:59  SCV, Marine  
  30  3:06  Factory Tech Lab  
  30  3:07  Starport  
  30  3:10  Engineering Bay  
  30  3:11  SCV  
  31  3:14  Supply Depot  
  31  3:16  Orbital Command  
  31  3:17  Marine  
  32  3:24  SCV  
  33  3:37  SCV  
  33  3:39  Missile Turret  
  34  3:44  SCV  
  34  3:45  Marine  
  36  3:49  SCV  
  37  3:56  SCV  
  37  3:57  Widow Mine  
  37  3:58  Banshee, Cloaking Field  
  43  4:03  SCV, Marine  
  43  4:08  SCV  
  46  4:20  Command Center  
  46  4:21  SCV, Refinery, Marine  
  46  4:22  SCV, Refinery  
  49  4:26  Factory Tech Lab  
  49  4:33  SCV  
  50  4:38  SCV  
  50  4:39  Marine  
  52  4:45  SCV  
  52  4:50  Supply Depot, SCV  
  54  4:58  Supply Depot  
  54  4:59  Banshee, SCV  
  58  5:00  Supply Depot  
  58  5:03  Siege Tank  
  61  5:10  SCV  
  61  5:11  Marine  
  63  5:19  Supply Depot  
  63  5:37  Siege Tank  
  63  5:42  Factory x2  
  63  5:54  SCV  
  64  5:58  SCV  
  64  6:00  Orbital Command  
  64  6:02  Marine  
  66  6:05  Banshee  
  66  6:06  Refinery x2  
  66  6:07  SCV  
  66  6:10  SCV  
  71  6:14  Missile Turret  
  71  6:19  SCV  
  71  6:20  Missile Turret  
  71  6:22  SCV  
  73  6:25  Missile Turret  
  73  6:28  SCV, Siege Tank  
  73  6:29  Factory Tech Lab  
  73  6:30  Factory Tech Lab, Missile Turret  
  73  6:31  SCV, Missile Turret  
  78  6:34  SCV  
  78  6:37  Missile Turret  
  79  6:40  SCV  
  79  6:42  Missile Turret  
  79  6:43  SCV  
  79  6:46  SCV  
  82  6:48  Siege Tank  
  82  6:49  Siege Tank  
  88  6:54  SCV  
  88  6:55  SCV  
  88  6:56  Supply Depot  
  88  7:00  SCV  
  91  7:03  Barracks Reactor  
  91  7:07  SCV x2  
  93  7:10  Banshee  
  93  7:12  SCV  
  93  7:15  Factory  
  97  7:19  SCV x2  
  97  7:20  Missile Turret  
  97  7:21  Missile Turret  
  97  7:22  Missile Turret  
  99  7:24  SCV  
  99  7:26  Supply Depot  
  99  7:27  Siege Tank  
  99  7:28  Siege Tank  
  106  7:31  SCV, Siege Tank  
  106  7:35  Infernal Pre-Igniter  
  108  8:02  Siege Tank x2  
  108  8:09  Banshee  
  111  8:13  SCV, Starport  
  111  8:17  Hellion  
  111  8:18  SCV x2, Hellion  
  111  8:19  Siege Tank  
  121  8:25  SCV  
  122  8:30  SCV x2  
  122  8:31  Command Center  
  124  8:35  Refinery  
  124  8:39  Refinery  
  124  8:46  SCV  
  124  8:48  Armory  
  125  8:53  Armory  
  125  8:54  Supply Depot  
  125  8:57  Starport Reactor  
  125  9:02  SCV  
  126  9:07  SCV  
Show
View Real Time Build Order
Export as new Build Order

Viciuos Terran - Winner!

Build Orders:  

Get SALT Encoding   

  12  0:01  SCV  
  13  0:13  SCV  
  14  0:17  Supply Depot  
  14  0:25  SCV  
  15  0:39  SCV  
  15  0:41  Barracks  
  16  0:46  Refinery  
  16  0:51  SCV  
  17  1:03  SCV  
  18  1:15  SCV  
  19  1:28  Marine  
  19  1:29  Orbital Command  
  20  1:43  Supply Depot  
  20  1:46  Marine  
  21  1:51  Factory  
  21  1:57  SCV  
  22  2:04  Marine  
  23  2:09  SCV  
  23  2:12  Refinery  
  23  2:22  SCV  
  24  2:24  Marine  
  25  2:31  Command Center  
  25  2:34  SCV  
  26  2:39  Starport  
  26  2:40  Factory Tech Lab  
  26  2:44  Marine  
  27  2:46  SCV  
  28  2:53  Supply Depot  
  28  2:58  SCV  
  29  3:05  Marine  
  30  3:13  SCV  
  31  3:23  Raven  
  31  3:25  SCV  
  34  3:28  Supply Depot  
  34  3:31  Marine  
  34  3:32  Factory Tech Lab  
  35  3:37  SCV  
  36  3:43  Orbital Command  
  36  3:51  SCV, Engineering Bay  
  36  3:55  Siege Tank  
  40  4:03  SCV  
  40  4:06  Marine  
  40  4:09  Viking  
  44  4:14  SCV  
  44  4:17  SCV  
  46  4:20  Missile Turret x2  
  46  4:26  SCV  
  46  4:28  Siege Tank  
  50  4:32  Marine  
  50  4:33  SCV  
  50  4:36  Refinery  
  52  4:38  SCV  
  53  4:48  SCV  
  53  4:50  Command Center  
  54  4:57  SCV  
  55  5:01  SCV  
  55  5:04  Supply Depot  
  56  5:09  SCV  
  56  5:11  Supply Depot  
  56  5:13  SCV, Missile Turret  
  58  5:16  Siege Tank  
  58  5:20  Stimpack  
  61  5:21  SCV  
  59  5:42  SCV x2  
  59  5:44  Refinery  
  59  5:45  Marine  
  60  5:50  Barracks  
  60  5:51  Barracks  
  60  5:52  Starport Reactor  
  60  5:53  Barracks  
  60  5:54  SCV x2  
  60  5:55  Missile Turret  
  62  6:04  Orbital Command  
  62  6:06  SCV  
  62  6:08  SCV  
  62  6:10  Terran Infantry Weapons Level 1  
  64  6:14  Supply Depot  
  64  6:18  SCV  
  65  6:20  SCV  
  66  6:34  SCV x2  
  66  6:36  Marine  
  66  6:39  Barracks Reactor, Orbital Command  
  69  6:40  Barracks Reactor  
  69  6:43  Barracks Reactor  
  69  6:49  SCV  
  69  6:51  Supply Depot  
  70  6:54  Missile Turret  
  70  6:55  Marine  
  70  6:56  Siege Tank  
  74  7:01  SCV  
  74  7:06  Medivac x2  
  74  7:07  SCV  
  80  7:12  Refinery  
  80  7:13  Marine  
  81  7:16  Refinery  
  81  7:19  SCV  
  81  7:22  Supply Depot, Missile Turret  
  82  7:25  SCV x2, Missile Turret  
  82  7:27  Supply Depot, Missile Turret  
  82  7:28  Widow Mine  
  86  7:31  Marine  
  86  7:32  SCV  
  88  7:37  Marine  
  88  7:43  Supply Depot  
  87  7:48  Marine  
  88  7:51  Missile Turret  
  88  7:57  Siege Tank, Marine x2  
  88  7:58  Viking, Medivac  
  97  8:03  Marine  
  97  8:04  Marine x3  
  101  8:06  Marine  
  101  8:08  Supply Depot  
  101  8:09  SCV x2  
  104  8:15  Marine x2  
  106  8:24  Marine  
  106  8:27  Viking, Marine  
  107  8:28  Medivac  
  107  8:29  Siege Tank  
  107  8:33  Marine  
  116  8:38  SCV, Armory  
  116  8:39  Supply Depot, SCV x2  
  116  8:40  Supply Depot  
  119  8:42  Marauder  
  121  8:48  Marine  
  121  8:49  Marine x2  
  123  8:56  Barracks  
  123  8:57  Supply Depot, Medivac  
  128  9:04  Marauder  
  128  9:07  Missile Turret  
Tags
 
Add a new tag
Caveats
  • Supply blocks, unpowered buildings, or Contaminate may cause inaccurate times.
  • Supply counts are checked every 10 seconds.